3AAA
HIALEAH DODOS @ SCRANTON SUPERNOVAS
09/16/2027
 
TOP OF THE 1ST
Hialeah Dodos batting - Pitching for Scranton Supernovas : RHP Luis Zaragoza
Pitching: RHP Luis Zaragoza
Batting: RHB Jorge Salgado 0-0: Ball
1-0: Foul Ball, location: 2F
1-1: Swinging Strike
1-2: Foul Ball, location: 2F
1-2: Strikes out swinging
Batting: LHB Perry Bothof 0-0: Ball
1-0: Foul Ball, location: 2F
1-1: Ball
2-1: Foul Ball, location: 2F
2-2: Ball
3-2: Base on Balls
Batting: RHB Luis Jelarde 0-0: Ball
1-0: Ball
2-0: Ball
3-0: Called Strike
3-1: Foul Ball, location: 2F
3-2: SINGLE (Groundball, 6MD)
Perry Bothof to second
Batting: LHB Curt Wilson 0-0: Ball
1-0: Called Strike
1-1: Ball
2-1: Foul Ball, location: 2F
2-2: Foul Ball, location: 2F
2-2: Foul Ball, location: 2F
2-2: Ball
3-2: SINGLE (Groundball, 4MD)
Perry Bothof to third
Luis Jelarde to second
Batting: SHB Luis Manuel Flores 0-0: Ball
1-0: Fly out, F5 (Popup, 5L)
Batting: RHB Daniel Ruíz 0-0: Swinging Strike
0-1: Called Strike
0-2: Fielders Choice at 2nd, 4-6 (Groundball, 34)
Top of the 1st over - 0 run(s), 2 hit(s), 0 error(s), 2 left on base; Hialeah 0 - Scranton 0
BOTTOM OF THE 1ST
Scranton Supernovas batting - Pitching for Hialeah Dodos : RHP Miguel Álvarez
Pitching: RHP Miguel Álvarez
Batting: LHB José Cordero 0-0: Swinging Strike
0-1: Ball
1-1: Ground out 1-3 (Groundball, 13S)
Batting: RHB Nobuhiko Nakayama 0-0: Foul Ball, location: 2F
0-1: Ball
1-1: Foul Ball, location: 2F
1-2: Foul Ball, location: 2F
1-2: Foul Ball, location: 2F
1-2: Ball
2-2: Foul Ball, location: 2F
2-2: Foul Ball, location: 2F
2-2: Ball
3-2: SINGLE (Flyball, 8RS)
Batting: LHB José Rodríguez 0-0: Ball
Wild Pitch!
Nobuhiko Nakayama to second
1-0: Ball
2-0: Ground out 4-3 (Groundball, 4)
Nobuhiko Nakayama to third
Batting: SHB Sam Quint 0-0: Ball
1-0: Called Strike
1-1: Ball
2-1: Called Strike
2-2: Ball
3-2: Strikes out swinging
Bottom of the 1st over - 0 run(s), 1 hit(s), 0 error(s), 1 left on base; Hialeah 0 - Scranton 0
TOP OF THE 2ND
Hialeah Dodos batting - Pitching for Scranton Supernovas : RHP Luis Zaragoza
Batting: SHB Javier Gonzáles 0-0: Ball
1-0: Called Strike
1-1: Bunt for hit - play at first, batter OUT! 1-3
Batting: SHB Juan Perales 0-0: Ball
1-0: Foul Ball, location: 2F
1-1: Ball
2-1: SINGLE (Groundball, 6D)
Batting: RHB Armando García 0-0: Ball
1-0: Called Strike
1-1: Ball
2-1: Called Strike
2-2: SINGLE (Groundball, 56S) (infield hit)
Juan Perales to second
Batting: RHB Jorge Salgado 0-0: Reached on error, E4 (Groundball, 4)
Juan Perales to third
Armando García to second
Batting: LHB Perry Bothof 0-0: Ball
1-0: Called Strike
1-1: Swinging Strike
1-2: Foul Ball, location: 2F
1-2: Fly out, F3 (Line Drive, 3)
Batting: RHB Luis Jelarde 0-0: Ball
1-0: Fly out, F8 (Flyball, 8LD)
Top of the 2nd over - 0 run(s), 2 hit(s), 1 error(s), 3 left on base; Hialeah 0 - Scranton 0
BOTTOM OF THE 2ND
Scranton Supernovas batting - Pitching for Hialeah Dodos : RHP Miguel Álvarez
Batting: LHB Phillip Tinker 0-0: Ball
1-0: Swinging Strike
1-1: Called Strike
1-2: Ball
2-2: Fly out, F7 (Line Drive, 7S)
Batting: RHB Pedro Rivera 0-0: Foul Ball, location: 2F
0-1: SINGLE (Line Drive, 78S)
Batting: RHB Dong-po Tien 0-0: Called Strike
0-1: Called Strike
0-2: Ball
1-2: Strikes out swinging
Batting: LHB Chris Fries 0-0: Called Strike
0-1: SINGLE (Groundball, 4MD)
Pedro Rivera to second
Runner from 2nd tries for 3rd, SAFE, throw made to third
Batting: SHB Alonso Solís 0-0: Foul Ball, location: 2F
0-1: Swinging Strike
0-2: Foul Ball, location: 2F
0-2: SINGLE (Groundball, 6MD)
Pedro Rivera scores
Chris Fries to second
Throwing error, E8
Chris Fries scores
Alonso Solís to second
Batting: LHB José Cordero 0-0: Ball
1-0: Ball
2-0: Ground out 4-3 (Groundball, 34)
Bottom of the 2nd over - 2 run(s), 3 hit(s), 1 error(s), 1 left on base; Hialeah 0 - Scranton 2
TOP OF THE 3RD
Hialeah Dodos batting - Pitching for Scranton Supernovas : RHP Luis Zaragoza
Batting: LHB Curt Wilson 0-0: Ball
1-0: Foul Ball, location: 2F
1-1: Called Strike
1-2: Ball
2-2: Fly out, F8 (Flyball, 78M)
Batting: SHB Luis Manuel Flores 0-0: Called Strike
0-1: Fly out, F9 (Flyball, 89M)
Batting: RHB Daniel Ruíz 0-0: Fly out, F9 (Flyball, 89S)
Top of the 3rd over - 0 run(s), 0 hit(s), 0 error(s), 0 left on base; Hialeah 0 - Scranton 2
BOTTOM OF THE 3RD
Scranton Supernovas batting - Pitching for Hialeah Dodos : RHP Miguel Álvarez
Batting: RHB Nobuhiko Nakayama 0-0: Fly out, F9 (Flyball, 89M)
Batting: LHB José Rodríguez 0-0: Foul Ball, location: 2F
0-1: Foul Ball, location: 2F
0-2: SINGLE (Groundball, 6MD)
Batting: SHB Sam Quint 0-0: DOUBLE (Line Drive, 8RD)
José Rodríguez to third
Batting: LHB Phillip Tinker 0-0: Called Strike
0-1: Foul Ball, location: 2F
0-2: Ground out U3 (Groundball, 3L)
Batting: RHB Pedro Rivera 0-0: Ground out 5-3 (Groundball, 5)
Bottom of the 3rd over - 0 run(s), 2 hit(s), 0 error(s), 2 left on base; Hialeah 0 - Scranton 2
TOP OF THE 4TH
Hialeah Dodos batting - Pitching for Scranton Supernovas : RHP Luis Zaragoza
Batting: SHB Javier Gonzáles 0-0: Called Strike
0-1: SINGLE (Line Drive, 8LS)
Batting: SHB Juan Perales 0-0: Ball
Javier Gonzáles steals 2nd base
1-0: Foul Ball, location: 2F
1-1: Ball
2-1: Ball
3-1: Base on Balls
Batting: RHB Armando García 0-0: Ball
1-0: Foul Ball, location: 2F
1-1: Called Strike
1-2: Fly out, F7 (Flyball, 7S)
Batting: RHB Jorge Salgado 0-0: Called Strike
0-1: Foul Ball, location: 2F
0-2: Grounds into double play, 6-4-3 (Groundball, 56)
Top of the 4th over - 0 run(s), 1 hit(s), 0 error(s), 1 left on base; Hialeah 0 - Scranton 2
BOTTOM OF THE 4TH
Scranton Supernovas batting - Pitching for Hialeah Dodos : RHP Miguel Álvarez
Batting: RHB Dong-po Tien 0-0: Ball
1-0: Foul Ball, location: 2F
1-1: Ball
2-1: Ball
3-1: Foul Ball, location: 2F
3-2: Ground out 6-3 (Groundball, 6)
Batting: LHB Chris Fries 0-0: Fly out, F8 (Flyball, 8RS)
Batting: SHB Alonso Solís 0-0: Foul Ball, location: 2F
0-1: Ball
1-1: Ball
2-1: Called Strike
2-2: Foul Ball, location: 2F
2-2: Foul Ball, location: 2F
2-2: Ball
3-2: Ground out 1-3 (Groundball, 15S)
Bottom of the 4th over - 0 run(s), 0 hit(s), 0 error(s), 0 left on base; Hialeah 0 - Scranton 2
TOP OF THE 5TH
Hialeah Dodos batting - Pitching for Scranton Supernovas : RHP Luis Zaragoza
Batting: LHB Perry Bothof 0-0: Ball
1-0: Called Strike
1-1: SINGLE (Line Drive, 4D)
Batting: RHB Luis Jelarde 0-0: Ball
1-0: Called Strike
1-1: Ground out 6-3 (Groundball, 6S)
Perry Bothof to second
Batting: LHB Curt Wilson 0-0: Ball
1-0: Foul Ball, location: 2F
1-1: TRIPLE (Flyball, 8RXD)
Perry Bothof scores
Batting: SHB Luis Manuel Flores 0-0: Called Strike
0-1: Ball
1-1: Foul Ball, location: 2F
1-2: SINGLE (Line Drive, 34)
Curt Wilson scores
Batting: RHB Daniel Ruíz 0-0: Ball
1-0: Called Strike
1-1: Called Strike
1-2: SINGLE (Flyball, 89S)
Luis Manuel Flores to second
Runner from 2nd tries for 3rd, SAFE, throw made to third
Batting: SHB Javier Gonzáles 0-0: Called Strike
0-1: Swinging Strike
0-2: SINGLE (Line Drive, 56)
Luis Manuel Flores scores
Daniel Ruíz to second
Daniel Ruíz to third
Batting: SHB Juan Perales 0-0: Ball
1-0: Ball
2-0: Ball
3-0: Called Strike
3-1: Foul Ball, location: 2F
Balk!
Daniel Ruíz scores
Javier Gonzáles to second
3-2: DOUBLE (Line Drive, 7D)
Javier Gonzáles scores
Batting: RHB Armando García 0-0: Intentional Walk
Batting: RHB Jorge Salgado 0-0: Called Strike
0-1: Ball
1-1: Foul Ball, location: 2F
1-2: Strikes out swinging
Batting: LHB Perry Bothof 0-0: Called Strike
0-1: Fly out, F6 (Popup, 6)
Top of the 5th over - 5 run(s), 6 hit(s), 0 error(s), 2 left on base; Hialeah 5 - Scranton 2
BOTTOM OF THE 5TH
Scranton Supernovas batting - Pitching for Hialeah Dodos : RHP Miguel Álvarez
Batting: LHB José Cordero 0-0: Swinging Strike
0-1: SINGLE (Line Drive, 3D)
Batting: RHB Nobuhiko Nakayama 0-0: Ball
1-0: Called Strike
1-1: Ball
2-1: Foul Ball, location: 2F
2-2: Strikes out swinging
Batting: LHB José Rodríguez 0-0: Ball
1-0: Foul Ball, location: 2F
1-1: Ball
2-1: Swinging Strike
2-2: Strikes out swinging
Batting: SHB Sam Quint 0-0: Ball
1-0: Foul Ball, location: 2F
1-1: Swinging Strike
1-2: Fly out, F6 (Line Drive, 6)
Bottom of the 5th over - 0 run(s), 1 hit(s), 0 error(s), 1 left on base; Hialeah 5 - Scranton 2
TOP OF THE 6TH
Hialeah Dodos batting - Pitching for Scranton Supernovas : RHP Luis Zaragoza
Batting: RHB Luis Jelarde 0-0: Ball
1-0: Ball
2-0: Foul Ball, location: 2F
2-1: Called Strike
2-2: Ball
3-2: Foul Ball, location: 2F
3-2: Foul Ball, location: 2F
3-2: Foul Ball, location: 2F
3-2: Foul Ball, location: 2F
3-2: Fly out, F5 (Popup, 56S)
Batting: LHB Curt Wilson 0-0: Ball
1-0: Called Strike
1-1: Ground out 1-3 (Groundball, 15S)
Batting: SHB Luis Manuel Flores 0-0: Ball
1-0: Ball
2-0: Ball
3-0: Base on Balls
Pitching: RHP Shi-lin Li
Batting: RHB Daniel Ruíz 0-0: Called Strike
0-1: Called Strike
0-2: Single, Error in OF, E8, batter to second base
Luis Manuel Flores to third
Batting: SHB Javier Gonzáles 0-0: Called Strike
0-1: Ball
1-1: Foul Ball, location: 2F
1-2: SINGLE (Groundball, 6D)
Luis Manuel Flores scores
Daniel Ruíz to third
Runner from 3rd tries for Home, SAFE, no throw
Batting: SHB Juan Perales 0-0: Ball
Javier Gonzáles steals 2nd base
1-0: Foul Ball, location: 2F
1-1: SINGLE (Flyball, 6MD)
Javier Gonzáles to third
Runner from 3rd tries for Home, SAFE, no throw
Batting: RHB Armando García 0-0: Foul Ball, location: 2F
0-1: Foul Ball, location: 2F
0-2: Ball
1-2: SINGLE (Line Drive, 78M)
Juan Perales to second
Juan Perales to third
Batting: RHB Jorge Salgado 0-0: Ball
1-0: Ball
2-0: Ball
3-0: Called Strike
3-1: Fly out, F9 (Flyball, 9)
Top of the 6th over - 3 run(s), 4 hit(s), 1 error(s), 2 left on base; Hialeah 8 - Scranton 2
BOTTOM OF THE 6TH
Scranton Supernovas batting - Pitching for Hialeah Dodos : RHP Miguel Álvarez
Batting: LHB Phillip Tinker 0-0: Foul Ball, location: 2F
0-1: Ball
1-1: Ball
2-1: Foul Ball, location: 2F
2-2: Ball
3-2: Foul Ball, location: 2F
3-2: Foul Ball, location: 2F
3-2: Foul Ball, location: 2F
3-2: DOUBLE (Line Drive, 7LM)
Batting: RHB Pedro Rivera 0-0: Called Strike
0-1: Called Strike
0-2: Ball
1-2: Strikes out swinging
Batting: RHB Dong-po Tien 0-0: Ball
1-0: Foul Ball, location: 2F
1-1: Foul Ball, location: 2F
1-2: Foul Ball, location: 2F
1-2: Strikes out swinging
Batting: LHB Chris Fries 0-0: Called Strike
0-1: Ball
1-1: Fly out, F8 (Flyball, 8LM)
Bottom of the 6th over - 0 run(s), 1 hit(s), 0 error(s), 1 left on base; Hialeah 8 - Scranton 2
TOP OF THE 7TH
Hialeah Dodos batting - Pitching for Scranton Supernovas : RHP Shi-lin Li
Batting: LHB Perry Bothof 0-0: Ball
1-0: Ball
2-0: Fly out, F8 (Flyball, 78D)
Batting: RHB Luis Jelarde 0-0: Ball
1-0: Ball
2-0: Called Strike
2-1: Fly out, F9 (Flyball, 9S)
Batting: LHB Curt Wilson 0-0: Ball
1-0: Foul Ball, location: 2F
1-1: Ball
2-1: Fly out, F4 (Line Drive, 4)
Top of the 7th over - 0 run(s), 0 hit(s), 0 error(s), 0 left on base; Hialeah 8 - Scranton 2
BOTTOM OF THE 7TH
Scranton Supernovas batting - Pitching for Hialeah Dodos : RHP Miguel Álvarez
Batting: SHB Alonso Solís 0-0: Swinging Strike
0-1: Foul Ball, location: 2F
0-2: Strikes out looking
Batting: LHB José Cordero 0-0: DOUBLE (Flyball, 7LD)
Pitching: RHP Manuel Vázquez
Batting: RHB Nobuhiko Nakayama 0-0: Reached on error, E6 (Groundball, 56)
José Cordero to third
Batting: LHB José Rodríguez 0-0: Ball
1-0: Ball
Wild Pitch!
José Cordero scores
Nobuhiko Nakayama to second
2-0: Ball
3-0: Called Strike
3-1: Base on Balls
Batting: SHB Sam Quint 0-0: Ball
1-0: Foul Ball, location: 2F
1-1: Ball
2-1: Foul Ball, location: 2F
2-2: Ball
3-2: Base on Balls
Nobuhiko Nakayama to third
José Rodríguez to second
Batting: LHB Phillip Tinker 0-0: Called Strike
0-1: Ball
1-1: Foul Ball, location: 2F
1-2: Fly out, F4 (Popup, 34D)
Batting: RHB Pedro Rivera 0-0: SINGLE (Groundball, 56D)
Nobuhiko Nakayama scores
José Rodríguez to third
Sam Quint to second
Runner from 3rd tries for Home, SAFE, no throw
Batting: RHB Dong-po Tien 0-0: Ball
1-0: Ball
2-0: Foul Ball, location: 2F
2-1: Ball
3-1: Called Strike
3-2: Strikes out swinging
Bottom of the 7th over - 3 run(s), 2 hit(s), 1 error(s), 2 left on base; Hialeah 8 - Scranton 5
TOP OF THE 8TH
Hialeah Dodos batting - Pitching for Scranton Supernovas : RHP Shi-lin Li
Batting: SHB Luis Manuel Flores 0-0: Ball
1-0: Swinging Strike
1-1: Ball
2-1: Ball
3-1: Fly out, F4 (Line Drive, 34)
Batting: RHB Daniel Ruíz 0-0: Foul Ball, location: 2F
0-1: Foul Ball, location: 2F
0-2: Ball
1-2: Strikes out swinging
Pitching: RHP Apollo Cepeda
Batting: SHB Javier Gonzáles 0-0: Ball
1-0: Called Strike
1-1: Ball
2-1: Foul Ball, location: 2F
2-2: Ball
3-2: Base on Balls
Batting: SHB Juan Perales 0-0: Called Strike
0-1: Foul Ball, location: 2F
0-2: Ball
Javier Gonzáles steals 2nd base
1-2: Foul Ball, location: 2F
1-2: SINGLE (Groundball, 6D)
Javier Gonzáles to third
Throwing error, E7
Javier Gonzáles scores
Juan Perales to second
Batting: RHB Armando García 0-0: Ball
1-0: Ball
2-0: SINGLE (Groundball, 56S) (infield hit)
Juan Perales to third
Batting: RHB Jorge Salgado 0-0: Foul Ball, location: 2F
0-1: Ball
1-1: Ball
2-1: Foul Ball, location: 2F
2-2: Foul Ball, location: 2F
2-2: Ball
3-2: Fly out, F8 (Flyball, 8LM)
Top of the 8th over - 1 run(s), 2 hit(s), 1 error(s), 2 left on base; Hialeah 9 - Scranton 5
BOTTOM OF THE 8TH
Scranton Supernovas batting - Pitching for Hialeah Dodos : RHP Manuel Vázquez
Batting: LHB Chris Fries 0-0: Fly out, F7 (Flyball, 7LMF)
Batting: SHB Alonso Solís 0-0: Fly out, F8 (Flyball, 8LM)
Batting: LHB José Cordero 0-0: Foul Ball, location: 2F
0-1: Swinging Strike
0-2: Ball
1-2: Ground out 4-3 (Groundball, 4)
Bottom of the 8th over - 0 run(s), 0 hit(s), 0 error(s), 0 left on base; Hialeah 9 - Scranton 5
TOP OF THE 9TH
Hialeah Dodos batting - Pitching for Scranton Supernovas : RHP Apollo Cepeda
Pitching: RHP Jim Unknown
Batting: LHB Perry Bothof 0-0: Ball
1-0: Ball
2-0: Foul Ball, location: 2F
2-1: Foul Ball, location: 2F
2-2: Strikes out looking
Batting: RHB Luis Jelarde 0-0: Ball
1-0: Foul Ball, location: 2F
1-1: Swinging Strike
1-2: Strikes out looking
Batting: LHB Curt Wilson 0-0: Foul Ball, location: 2F
0-1: Called Strike
0-2: Fly out, F8 (Line Drive, 89M)
Top of the 9th over - 0 run(s), 0 hit(s), 0 error(s), 0 left on base; Hialeah 9 - Scranton 5
BOTTOM OF THE 9TH
Scranton Supernovas batting - Pitching for Hialeah Dodos : RHP Manuel Vázquez
Batting: RHB Nobuhiko Nakayama 0-0: Ball
1-0: Swinging Strike
1-1: Called Strike
1-2: Ball
2-2: Ball
3-2: Fly out, F8 (Flyball, 8RXD)
Batting: LHB José Rodríguez 0-0: Foul Ball, location: 2F
0-1: Ball
1-1: Ball
2-1: Foul Ball, location: 2F
2-2: Foul Ball, location: 2F
2-2: Reached on error, E6 (Groundball, 6S)
Batting: SHB Sam Quint 0-0: Ball
1-0: Ball
2-0: Fly out, F7 (Flyball, 7LS)
Batting: LHB Phillip Tinker 0-0: Ball
1-0: Foul Ball, location: 2F
1-1: Ball
2-1: Foul Ball, location: 2F
2-2: Foul Ball, location: 2F
2-2: Ground out 4-3 (Groundball, 4)
Bottom of the 9th over - 0 run(s), 0 hit(s), 1 error(s), 1 left on base; Hialeah 9 - Scranton 5
Saturday, May 26th, 2018 - OOTP Baseball 17.12 Build 75